 Dungeon Crawl Stone Soup version 0.27-a0-512-g57cc695410 (webtiles) character file.

Game seed: 12516886372357973245

760 dickylongcocking the Chiller (level 7, -10/47 HPs)
             Began as a Barachi Ice Elementalist on Mar 3, 2021.
             Was a Follower of Ashenzari.
             Mangled by a nameless horror (17 damage)
             ... created by miscasting Summon Ice Beast
             ... on level 4 of the Dungeon.
             The game lasted 00:10:01 (6138 turns).

dickylongcocking the Chiller (BaIE)                 Turns: 6138, Time: 00:10:02

Health: -10/47     AC:  5    Str:  9      XL:     7   Next: 80%
Magic:  0/15       EV: 13    Int: 16 (18) God:    Ashenzari [*.....]
Gold:   154        SH:  0    Dex: 18      Spells: 4/16 levels left

rFire    . . .     SeeInvis .   s - +0 falchion
rCold    . . .     Faith    .   (no shield)
rNeg     . . .     Spirit   .   a - +0 robe
rPois    .         Reflect  .   (no helmet)
rElec    .         Harm     .   (no cloak)
rCorr    .         Rampage  .   q - +2 pair of gloves of Ashenzari's Discomfort {Melee, Alch} (curse)
Will     .....                  (no boots)
Stlth    ++........             c - amulet "Ruined Together" {RegenMP, Evo, Bglg} (curse)
HPRegen  0.15/turn              l - +6 ring of dexterity
MPRegen  0.39/turn              (no ring)

@: can't hop, very slightly contaminated, slow
A: +LOS, swims, slowness 1, wild magic 1, strong legs 1
a: Hop, Renounce Religion, Curse Item, Shatter the Chains


You were on level 4 of the Dungeon.
You worshipped Ashenzari.
Ashenzari was aware of your devotion.
You visited 2 branches of the dungeon, and saw 6 of its levels.

You collected 154 gold pieces.

Inventory:

Hand Weapons
 d - a +0 short sword
 s - a +0 falchion (weapon)
Armour
 a - a +0 robe (worn)
 q - the cursed +2 pair of gloves of Ashenzari's Discomfort (worn) {Melee, Alch}
   (You found it on level 4 of the Dungeon)

   It has a curse placed upon it.
Jewellery
 c - the cursed amulet "Ruined Together" (around neck) {RegenMP, Evo, Bglg}
   (You found it on level 1 of the Dungeon)

   [amulet of magic regeneration]

   It increases your magic regeneration.
   It has a curse placed upon it.
 f - a ring of positive energy
 g - a +4 ring of evasion
 j - a ring of positive energy
 l - a +6 ring of dexterity (left hand)
Wands
 p - a wand of random effects (9)
 r - a wand of polymorph (7)
Scrolls
 b - a scroll of amnesia
 e - 4 scrolls of immolation
 h - 2 scrolls of enchant weapon
 k - 3 scrolls of noise
 m - a scroll of enchant armour
Potions
 n - a potion of attraction


   Skills:
 * Level 0.5 Fighting
 * Level 0.5(1.1) Long Blades
 - Level 2.2 Dodging
 - Level 1.8 Stealth
 * Level 5.3 Spellcasting
 * Level 2.9(4.0) Conjurations
 * Level 0.5 Summonings
 * Level 7.7 Ice Magic
 * Level 3.0(4.1) Evocations


You had 4 spell levels left.
You knew the following spells:

 Your Spells              Type           Power        Failure   Level
a - Freeze                Ice            100%         1%          1
b - Hailstorm             Conj/Ice       30%          19%         4
c - Summon Ice Beast      Ice/Summ       22%          34%         4
f - Frozen Ramparts       Ice            74%          3%          3

Your spell library contained the following spells:

 Spells                   Type           Power        Failure   Level
 Ozocubu's Armour         Ice            37%          3%          3


Dungeon Overview and Level Annotations

Branches:
Dungeon (5/15)             Temple (1/1) D:4

Altars:
Ashenzari
Cheibriados
Dithmenos
Elyvilon
Gozag
Hepliaklqana
Kikubaaqudgha
Makhleb
Okawaru
Qazlal
Ru
Sif Muna
Uskayaw
Vehumet
Wu Jian
Xom
Yredelemnul
Zin


Innate Abilities, Weirdness & Mutations

You can be seen from farther away. (+LOS)
You can swim through water.
You cover ground slowly.
You can hop short distances.
Your spells are a little harder to cast, but a little more powerful.


Message History

Unknown command.
Okay, then.
Unknown command.
Okay, then.
You hit the nameless horror but do no damage.
The nameless horror hits you!
You feel your power leaking away.
Unknown command.
The nameless horror hits you!
You feel your power leaking away.
Unknown command.
Unknown command.
Unknown command.
Unknown command.
The nameless horror completely misses you.
You riposte.
You hit the nameless horror but do no damage.
The nameless horror is moderately damaged.
Unknown command.
Unknown command.
Unknown command.
Unknown command.
Unknown command.
Press: ? - help, v - describe, . - travel
Here: a nameless horror (durably summoned)
The floor.
Casting: Hailstorm (quite dangerous; 19% risk of failure)
Confirm with . or Enter, or press ? or * to list all spells.
Aiming: Freeze (safe; 1% risk of failure)
Press: ? - help, Shift-Dir - straight line, f - nameless horror
Aim: a nameless horror (durably summoned)
You freeze the nameless horror!
The nameless horror is moderately damaged.
The nameless horror hits you!
* * * LOW HITPOINT WARNING * * *
You feel your power leaking away.
Unknown command.
Unknown command.
The nameless horror hits you!
You die...

..##ยง.>.....####....#.........###
..##..###........................
....### ##..........##.....####..
...## ##.........###...## ###
.#.## #...####.## ##)## # ##..#
##.## #.## ##.)# # ###.### #.#
##X####...## ##..# #.#
#X###..###.# ## #### #####@#..###
#.# #. #....## ### ## #..### ####


You could see 2 nameless horrors.

Vanquished Creatures
  A black bear (D:4)
  A phantom (D:3)
  A scorpion (D:4)
  2 hounds (D:4)
  2 orc priests (D:3)
  2 iguanas
  An orc wizard (D:4)
  5 worker ants
  An adder (D:3)
  An ooze (D:4)
  3 adder skeletons (D:4)
  6 worms
  A dart slug (D:1)
  A leopard gecko (D:1)
  6 orcs
  9 bats
  7 giant cockroaches
  5 goblins
  4 hobgoblins
  3 jackals (D:3)
  2 ball pythons (D:3)
  2 frilled lizards
  3 kobolds
  4 rats
73 creatures vanquished.

Vanquished Creatures (collateral kills)
  A neqoxec (D:4)
  A phantom (D:4)
  An iguana (D:5)
3 creatures vanquished.

Grand Total: 76 creatures vanquished

Notes
Turn   | Place    | Note
-------+----------+-------------------------------------------
     0 | D:1      | dickylongcocking the Barachi Ice Elementalist began the
                  | quest for the Orb.
     0 | D:1      | Reached XP level 1. HP: 13/13 MP: 3/3
    51 | D:1      | Reached skill level 5 in Ice Magic
   468 | D:1      | Reached XP level 2. HP: 18/19 MP: 1/5
  1265 | D:3      | Reached XP level 3. HP: 13/24 MP: 5/7
  1401 | D:3      | Learned a level 3 spell: Frozen Ramparts
  1537 | D:2      | You fall into a shaft and drop 2 floors!
  1653 | D:4      | Found a radiant altar of Vehumet.
  1653 | D:4      | Noticed a phantom
  1657 | D:4      | Found a transporter.
  1657 | D:4      | Found a sacrificial altar of Ru.
  1661 | D:4      | Noticed a black bear
  1718 | D:4      | Found a staircase to the Ecumenical Temple.
  1822 | Temple   | Entered the Ecumenical Temple
  1938 | Temple   | Became a worshipper of Ashenzari the Shackled
  1977 | D:4      | Reached XP level 4. HP: 23/30 MP: 4/8
  2189 | D:4      | Reached skill level 6 in Ice Magic
  2488 | D:4      | Reached XP level 5. HP: 27/35 MP: 7/11
  2673 | D:3      | Found a white marble altar of Elyvilon.
  3097 | D:3      | Found a stormy altar of Qazlal.
  3388 | D:3      | Reached XP level 6. HP: 26/41 MP: 7/12
  3393 | D:3      | Learned a level 4 spell: Hailstorm
  3625 | D:3      | Reached skill level 7 in Ice Magic
  3627 | D:3      | Reached skill level 1 in Evocations
  3721 | D:3      | Reached skill level 1 in Conjurations
  3993 | D:3      | Learned a level 4 spell: Summon Ice Beast
  4108 | D:4      | Found a transporter.
  4311 | D:4      | Killed a black bear
  4312 | D:4      | Reached skill level 5 in Spellcasting
  4312 | D:4      | Reached XP level 7. HP: 27/46 MP: 12/14
  4523 | D:4      | Reached * piety under Ashenzari
  4781 | D:4      | Found a burning altar of Makhleb.
  4944 | D:4      | Identified the +1 hunting sling of Departure {vorpal,
                  | Dex+2}
  5494 | D:4      | Found a shimmering blue altar of Sif Muna.
  5620 | D:5      | Entered Level 5 of the Dungeon
  5620 | D:5      | Noticed Grinder
  5625 | D:5      | Noticed a nameless horror
  5803 | D:4      | Paralysed by Grinder for 2 turns
  5806 | D:4      | Noticed Grinder
  5806 | D:4      | Grinder changed into Grinder the neqoxec
  5809 | D:4      | Gained mutation: Your spells are a little harder to cast,
                  | but a little more powerful. [Grinder]
  5817 | D:4      | Killed Grinder the neqoxec
  6124 | D:4      | Noticed a nameless horror
  6138 | D:4      | Mangled by a nameless horror

Illustrated notes

Levels and vault maps discovered:
D:1:      minmay_arrival_jagged, layout_loops_ring, minmay_distorted
D:2:      minmay_angry_zag, layout_loops_ring, tgw_trog,
          kennysheep_generic_room_6
D:3:      layout_basic, lemuel_doored_altar, nicolae_overflow_hidden_temple,
          minmay_liquid_box, minmay_misc_feat_nine_boxes, grunt_ministairs_6,
          hangedman_abyss_or_decor_stabs
D:4:      layout_layer_cave, lemuel_coloured_pillars_altar, bloody_makhleb,
          gammafunk_temple_overflow_arena, minmay_temple_entry_stoned_glass
D:5:      lemuel_insect_pit, layout_rooms, kennysheep_mini_moat, serial_shops,
          shop, uniq_ijyb, uniq_grinder, uniq_pikel
Temple:   hc_temple_tempest_star

Skill      XL: |  1  2  3  4  5  6  7 |
---------------+----------------------+-----
Ice Magic      | 5 6 7 |  7.7
Spellcasting   | 3 4 5 |  5.3
Evocations     | 2 3 |  3.0
Conjurations   | 2 |  2.9
Fighting       | |  0.5
Long Blades    | |  0.5
Dodging        | |  2.2
Stealth        | |  1.8
Summonings     | |  0.5

Action                   |  1- 3 |  4- 6 |  7- 9 || total
-------------------------+-------+-------+-------++-------
Melee: Short sword       |    17 |   110 |    16 ||   143
       Unarmed           |     1 |       |       ||     1
       Falchion          |       |       |     6 ||     6
 Cast: Freeze            |    30 |    11 |     2 ||    43
       Frozen Ramparts   |     2 |    26 |     7 ||    35
       Hailstorm         |       |     2 |       ||     2
       Summon Ice Beast  |       |       |    10 ||    10
Invok: Curse Item        |       |     1 |     1 ||     2
 Abil: Hop               |     1 |     3 |     3 ||     7
Evoke: Wand              |       |     5 |     3 ||     8
  Use: Potion            |       |     4 |     1 ||     5
       Scroll            |       |       |     1 ||     1
 Stab: Sleeping          |     4 |     1 |     1 ||     6
Armor: Robe              |    12 |    15 |     3 ||    30
Dodge: Dodged            |    30 |   123 |    19 ||   172
       Rpst.: Falchion   |       |       |     3 ||     3

Table legend: (Time is in decaauts)
 A = Elapsed time spent in this place.
 B = Non-inter-level travel time spent in this place.
 C = Inter-level travel time spent in this place.
 D = Time resting spent in this place.
 E = Time spent auto-exploring this place.
 F = Levels seen in this place.
 G = Mean time per level.
                   A        B        C        D        E       F      G
               +--------+--------+--------+--------+--------+-----+--------+
         Total |   6663 |   6478 |    185 |   1910 |   3611 |   6 | 1110.5 |
       Dungeon |   6511 |   6336 |    175 |   1910 |   3495 |   5 | 1302.2 |
        Temple |    152 |    143 |      9 |      0 |    116 |   1 |  152.0 |
               +--------+--------+--------+--------+--------+-----+--------+

Top non-repeatable levels by time:
     D:4: 3307 daAuts
     D:3: 1615 daAuts
     D:1: 1183 daAuts
     D:2: 369 daAuts
  Temple: 152 daAuts
     D:5: 36 daAuts
